 Dungeon Crawl Stone Soup version 0.28-a0-1038-g9c4cb8273d (webtiles) character file.

Game seed: 6752316405186450568

83 siradein the Shield-Bearer (level 4, -1/35 HPs)
             Began as a Human Fighter on Dec 9, 2021.
             Slain by Robin (2 damage)
             ... on level 2 of the Dungeon.
             The game lasted 00:03:00 (1786 turns).

siradein the Shield-Bearer (Human Fighter)          Turns: 1786, Time: 00:03:00

Health: -1/35      AC:  6    Str: 22    XL:     4   Next: 71%
Magic:  13/13      EV: 10    Int:  8    God:
Gold:   94         SH:  5    Dex: 15    Spells: 3/3 levels left

rFire   . . .      SeeInvis .   i - +2 dagger (venom)
rCold   . . .      Faith    .   c - +0 buckler
rNeg    . . .      Spirit   .   b - +0 scale mail
rPois   .          Reflect  .   (no helmet)
rElec   .          Harm     .   (no cloak)
rCorr   .          Rampage  .   (no gloves)
Will    .....                   (no boots)
Stlth   ..........              (no amulet)
HPRegen 0.11/turn               f - +6 ring of strength
MPRegen 0.13/turn               k - ring of magical power

@: no status effects
A: no striking features
a: no special abilities


You were on level 2 of the Dungeon.
You visited 1 branch of the dungeon, and saw 2 of its levels.

You collected 94 gold pieces.

Inventory:

Hand Weapons
 a - a +0 flail
 i - a +2 dagger of venom (weapon)
Armour
 b - a +0 scale mail (worn)
 c - a +0 buckler (worn)
Jewellery
 f - a +6 ring of strength (left hand)
 k - a ring of magical power (right hand)
Scrolls
 e - a scroll of enchant armour {unknown}
 g - 3 scrolls of identify {unknown}
Potions
 d - a potion of might
 h - 2 potions of berserk rage {unknown}
 j - a potion of curing {unknown}


   Skills:
 + Level 3.5 Fighting
 + Level 2.7 Maces & Flails
 + Level 3.5 Armour
 + Level 0.9 Dodging
 + Level 3.6 Shields


You had 3 spell levels left.
You didn't know any spells.
Your spell library contained the following spells:

 Spells                   Type           Power      Damage    Failure   Level
 Magic Dart               Conj           0%         1d3       75%         1
 Searing Ray              Conj           0%         2d4       87%         2
 Fulminant Prism          Conj/Hex       0%         3d6       100%        4


Dungeon Overview and Level Annotations

Branches:
Dungeon (2/15)

Altars:

Annotations:
D:2 Robin


Message History

The goblin shoots a stone.
The stone hits you.
You closely miss the goblin. The goblin hits you with a +0 club.
You closely miss the goblin. You block the goblin's attack.
You hit the goblin.
The goblin is poisoned.
The goblin is severely wounded.
The goblin barely misses you.
You barely miss the goblin.
The goblin is severely wounded.
You kill the goblin!
You hit the hobgoblin.
The hobgoblin is severely wounded.
The hobgoblin barely misses you.
You hit the hobgoblin.
You kill the hobgoblin!
The goblin no longer looks unusually strong.
Robin throws the goblin at you!
You hit the giant cockroach.
You kill the giant cockroach!
You hit the goblin.
You kill the goblin!
The goblin shoots a stone.
You block the stone.
The goblin unwields a +3 hunting sling.
The goblin wields a +0 dagger.
The goblin hits you with a +0 dagger.
* * * LOW HITPOINT WARNING * * *
Things that are here:
a +0 club; a goblin corpse You closely miss the goblin.
Robin throws the goblin at you! Robin closely misses you.
You closely miss the goblin.
The goblin shouts!
The goblin hits you but does no damage.
Robin roars a battlecry!
The goblins go into a battle-frenzy!
You barely miss Robin. The goblin hits you with a +0 dagger.
* * * LOW HITPOINT WARNING * * *
Robin hits you with a +3 dagger of speed.
* * * LOW HITPOINT WARNING * * *
You closely miss the goblin.
Robin hits you with a +3 dagger of speed.
You die... ####.## ### ######### #...... ..# #.......# #.##... #B# #.#####.#####.##..# .##.##g##.#####.#.......... .....gg).).........##.#.#.# .##.##g##)#####.......#.#.# #.# #g####..(.......... gg#

#g@g....#..#..#.###
#.#
######..#.....#.# #.
####..#.......# .
####.......#...### #
#.....#........#####
#.....#.##.#..#....<
#.......##.#........
#.....####....#.....
#.>...........######


You could see Robin and 2 goblins.

Vanquished Creatures
  Jessica (D:2)
  2 dart slugs (D:1)
  2 endoplasms
  2 giant cockroaches
  14 goblins
  5 hobgoblins
  A quokka (D:1)
  3 ball pythons (D:1)
  2 bats
  4 frilled lizards
  5 kobolds
  9 rats
50 creatures vanquished.

Notes
Turn   | Place    | Note
-------+----------+-------------------------------------------
     0 | D:1      | siradein the Human Fighter began the quest for the Orb.
     0 | D:1      | Reached XP level 1. HP: 18/18 MP: 1/1
   105 | D:1      | Reached XP level 2. HP: 24/24 MP: 2/2
   348 | D:1      | Reached XP level 3. HP: 25/29 MP: 3/3
  1602 | D:2      | Noticed Jessica
  1614 | D:2      | Killed Jessica
  1615 | D:2      | Reached XP level 4. HP: 29/35 MP: 4/4
  1752 | D:2      | Noticed Robin
  1785 | D:2      | HP: 1/35 [Robin (6)]
  1786 | D:2      | Slain by Robin

Illustrated notes

Levels and vault maps discovered:
D:1:      psy_arrival_radial01, layout_loops_ring
D:2:      layout_loops_cross, kennysheep_nondescript, uniq_robin, uniq_terence,
          uniq_jessica

Action                   |  1- 3 |  4- 6 || total
-------------------------+-------+-------++-------
Melee: Flail             |    78 |       ||    78
       Dagger            |    22 |    27 ||    49
Armor: Scale mail        |    34 |     9 ||    43
Dodge: Dodged            |    31 |    11 ||    42
Block: Buckler           |    19 |     3 ||    22

Table legend: (Time is in decaauts)
 A = Elapsed time spent in this place.
 B = Non-inter-level travel time spent in this place.
 C = Inter-level travel time spent in this place.
 D = Time resting spent in this place.
 E = Time spent auto-exploring this place.
 F = Levels seen in this place.
 G = Mean time per level.
                   A        B        C        D        E       F      G
               +--------+--------+--------+--------+--------+-----+--------+
         Total |   1808 |   1771 |     37 |      0 |   1512 |   2 |  904.0 |
       Dungeon |   1808 |   1771 |     37 |      0 |   1512 |   2 |  904.0 |
               +--------+--------+--------+--------+--------+-----+--------+

Top non-repeatable levels by time:
     D:1: 1389 daAuts
     D:2: 419 daAuts
